 Dungeon Crawl Stone Soup version 0.20.1-1-g8b1a95d (webtiles) character file.

74 vuolankoinen the Bolt Thrower (level 4, -6/39 HPs)
             Began as a Deep Dwarf Arcane Marksman on Nov 4, 2017.
             Killed from afar by Robin (8 damage)
             ... with a wand of flame (?/48)
             ... on level 2 of the Dungeon.
             The game lasted 00:12:10 (1476 turns).

vuolankoinen the Bolt Thrower (DDAM)                Turns: 1476, Time: 00:12:11

Health: -6/39      AC:  6    Str: 14    XL:     4   Next: 10%
Magic:  4/5        EV: 11    Int: 14    God:
Gold:   79         SH:  0    Dex: 13    Spells: 2/5 levels left

rFire    . . .     SeeInvis .   b - +4 short sword
rCold    . . .     Gourm    .   (no shield)
rNeg     . . .     Faith    .   k - +0 ring mail
rPois    .         Spirit   .   (no helmet)
rElec    .         Reflect  .   (no cloak)
rCorr    .         Harm     .   m - +0 pair of gloves
MR       .....                  (no boots)
Stlth    +.........             (no amulet)
Regen    0.0/turn               (no ring)
MPRegen  0.1/turn               (no ring)

@: non-regenerating
A: damage resistance, heal wounds, sense surroundings 1, no regeneration
a: Heal Wounds


You were on level 2 of the Dungeon.
You were not hungry.

You visited 1 branch of the dungeon, and saw 3 of its levels.

You collected 79 gold pieces.

Inventory:

Hand Weapons
 a - a +0 hand crossbow
 b - a +4 short sword (weapon)
Missiles
 j - 29 bolts
Armour
 e - a +0 robe
 k - a +0 ring mail (worn)
 m - a +0 pair of gloves (worn)
Scrolls
 d - a scroll of fog {unknown}
 h - a scroll of immolation {unknown}
 i - 2 scrolls of remove curse
Potions
 n - a potion of magic {unknown}
 o - a potion of cancellation {unknown}
Books
 c - a book of Debilitation

   Spells                             Type                      Level
   a - Corona                         Hexes                        1
   b - Slow                           Hexes                        2
   c - Inner Flame                    Hexes/Fire                   3
   d - Portal Projectile              Hexes/Translocation          3
   e - Cause Fear                     Hexes                        4
   f - Leda's Liquefaction            Hexes/Earth                  4
Comestibles
 f - 2 bread rations
 g - 8 fruits
 l - 3 chunks of flesh


   Skills:
 * Level 2.0 Fighting
 + Level 3.5 Crossbows
 + Level 0.9 Armour
 + Level 2.8 Dodging
 - Level 1.0 Spellcasting
 - Level 2.4 Hexes


You had 2 spell levels left.
You knew the following spells:

 Your Spells              Type           Power        Failure   Level  Hunger
a - Corona                Hex            #......      21%         1    ##.....
b - Slow                  Hex            #.......     30%         2    ###....


Dungeon Overview and Level Annotations

Branches:
Dungeon (3/15)

Altars:

Annotations:
D:2 Robin


Innate Abilities, Weirdness & Mutations

You are resistant to damage.
You can heal yourself by infusing magical energy.
You passively map a small area around you.
You do not regenerate.


Message History

a club; a hobgoblin corpse
j - 29 bolts (gained 2)
Found a hunting sling.
You see here a hunting sling.
A goblin comes into view.
Robin shouts!
b - a +4 short sword (weapon)
The goblin closely misses you.
You closely miss the goblin. The goblin barely misses you.
You puncture the goblin!
You kill the goblin!
Press: ? - help, v - describe, . - travel
Here: Robin, wielding a mace of crushing, wearing an animal skin and wearing a helmet The floor.
Unknown command.
Robin zaps a wand.
The puff of flame hits you!
* * * LOW HITPOINT WARNING * * *
It is a wand of flame (?/48).
Robin zaps a wand.
The puff of flame hits you!
You die...

##.# #######... *
#.....)...
#####..####... ,
#######
#........###..
#.....# #.##.....#
###
#.###.###.###....#
#.#........)...#.#
,
#.#.#@###.####.#.#
#.....# #........#
* #...###
######+###
####g##### ,,
#........# * , ,*
#.##.##..# , , * #
*#.# .# ,
,..g...!........ ,
,+.. ,
####.#.#....###
,###


You could see Robin.

Vanquished Creatures
  2 adders
  An ooze (D:2)
  A worm (D:2)
  A dart slug (D:1)
  A leopard gecko (D:1)
  3 bats (D:1)
  5 giant cockroaches (D:1)
  9 goblins
  11 hobgoblins
  3 frilled lizards
  4 kobolds (D:1)
  2 rats
43 creatures vanquished.

Notes
Turn   | Place    | Note
-------+----------+-------------------------------------------
     0 | D:1      | vuolankoinen the Deep Dwarf Arcane Marksman began the quest for the Orb.
     0 | D:1      | Reached XP level 1. HP: 16/16 MP: 2/2
     9 | D:1      | Reached skill level 1 in Fighting
   125 | D:1      | Reached XP level 2. HP: 12/25 MP: 3/3
   527 | D:1      | Reached skill level 3 in Crossbows
   819 | D:2      | Reached XP level 3. HP: 19/31 MP: 4/4
  1154 | D:2      | Noticed Robin
  1185 | D:3      | Learned a level 2 spell: Slow
  1438 | D:2      | Reached XP level 4. HP: 7/39 MP: 2/5
  1476 | D:2      | Killed from afar by Robin

Skill      XL: |  1  2  3 |
---------------+----------+-----
Fighting       | 1 2 |  2.0
Crossbows      | 3 |  3.5
Armour         | |  0.9
Dodging        | |  2.8
Spellcasting   | |  1.0
Hexes          | |  2.4

Action                   |  1- 3 |  4- 6 || total
-------------------------+-------+-------++-------
Melee: Short sword       |    32 |     2 ||    34
 Fire: Hand crossbow     |    85 |     1 ||    86
 Cast: Corona            |     7 |     1 ||     8
       Slow              |     3 |       ||     3
  Use: Scroll            |     5 |       ||     5
       Potion            |     3 |       ||     3
  Eat: Chunk             |     2 |       ||     2
Armor: Ring mail         |    20 |       ||    20
       Skin              |    13 |       ||    13
Dodge: Dodged            |    34 |     2 ||    36
